 Dungeon Crawl Stone Soup version 0.28.0-53-g5a82cb258f (webtiles) character file.

Game seed: 18340503387950694187

67 Nyth the Twirler (level 4, -13/27 HPs)
             Began as a Gargoyle Gladiator on Aug 12, 2022.
             Was a Follower of Fedhas.
             Mangled by Crazy Yiuf
             ... wielding a +4 quarterstaff of chaos
              (15 damage)
             ... on level 2 of the Dungeon.
             The game lasted 00:03:55 (2433 turns).

Nyth the Twirler (Gargoyle Gladiator)               Turns: 2433, Time: 00:03:55

Health: -13/27     AC:  9    Str: 19    XL:     4   Next: 18%
Magic:  4/4        EV: 16    Int:  9    God:    Fedhas [*.....]
Gold:   101        SH:  0    Dex: 11    Spells: 3/3 levels left

rFire   . . .      SeeInvis .   a - +0 quarterstaff
rCold   . . .      Faith    .   (shield currently unavailable)
rNeg    + . .      Spirit   .   h - +0 ring mail
rPois   ∞          Reflect  .   c - +0 helmet
rElec   +          Harm     .   (no cloak)
rCorr   .          Rampage  .   (no gloves)
Will    .....                   (no boots)
Stlth   +.........              (no amulet)
HPRegen 0.09/turn               (no ring)
MPRegen 0.09/turn               (no ring)

@: agile
A: sickness immunity, AC +3, negative energy resistance 1, electricity
resistance, torment resistance 1, petrification resistance
a: Renounce Religion


You were on level 2 of the Dungeon.
You worshipped Fedhas.
Fedhas was aware of your devotion.
You visited 1 branch of the dungeon, and saw 2 of its levels.

You collected 101 gold pieces.

Inventory:

Hand Weapons
 a - a +0 quarterstaff (weapon)
Missiles
 d - 2 throwing nets (quivered)
Armour
 b - a +0 leather armour
 c - a +0 helmet (worn)
 g - a +0 helmet
 h - a +0 ring mail (worn)
Scrolls
 i - 3 scrolls of identify {unknown}
Potions
 e - a potion of haste {unknown}
 f - a potion of invisibility {unknown}


   Skills:
 + Level 2.4 Fighting
 * Level 4.2 Staves
 + Level 2.0 Throwing
 + Level 1.0 Armour
 + Level 2.6 Dodging


You had 3 spell levels left.
You didn't know any spells.
Your spell library was empty.

Dungeon Overview and Level Annotations

Branches:
Dungeon (2/15)

Altars:
Fedhas
Vehumet

Annotations:
D:2 Crazy Yiuf


Innate Abilities, Weirdness & Mutations

You are immune to sickness and miasma.
Your stone body is resilient. (AC +3)
You are immune to poison.
You resist negative energy. (rN+)
You are resistant to electric shocks. (rElec)
You are resistant to unholy torment.
You are immune to petrification.


Message History

The bat hits you but does no damage.
You thump the bat!
You kill the bat!
Fedhas appreciates your contribution to the ecosystem.
No target in view!
You now have 101 gold pieces (gained 15).
i - 3 scrolls labelled MAWEURH SIYNOPEWU No target in view!
You see here a rat corpse.
There is an open door here.
Found a runed mace.
Found a runed translucent door.
No target in view!
No target in view!
You cannot walk through the dense trees.
You cannot walk through the dense trees.
You cannot walk through the dense trees.
Crazy Yiuf shouts!
You cannot walk through the dense trees.
You open the door. You hit Crazy Yiuf but do no damage.
Crazy Yiuf barely misses you.
You barely miss Crazy Yiuf.
Crazy Yiuf says, "Gum!
Prologue disdain verde."
Crazy Yiuf hits you with a +4 quarterstaff of chaos!
Crazy Yiuf freezes you.
* * * LOW HITPOINT WARNING * * *
You closely miss Crazy Yiuf.
Crazy Yiuf says, "Flower!"
Crazy Yiuf hits you with a +4 quarterstaff of chaos.
* * * LOW HITPOINT WARNING * * *
You feel agile all of a sudden. Crazy Yiuf misses you.
You sock Crazy Yiuf!
Crazy Yiuf is moderately wounded.
Crazy Yiuf misses you.
You hit Crazy Yiuf but do no damage.
Crazy Yiuf is moderately wounded.
Crazy Yiuf hits you with a +4 quarterstaff of chaos!
Ouch! That really hurt!
You die...
Fedhas appreciates your contribution to the ecosystem.

#.##.##.# #....###.# ##.....##
#.......# #.#.#.##.###.......##
#.(#.######.#....#.##.........#
#...................'.........'
#..#.#################........#
#.##.## #.......## ###.#.#
♣♣♣♣♣###.....## #.#### ###
♣♣♣.♣....#....## #..#.#
#...#♣@.♣.......#'## #.#.##
#...'g♣♣♣♣......#†# #.###
#)..#♣♣ ♣♣....##.# ####.# ###
♣♣#####.## .....# ##...##
###### #.....### # ### #######
##....... #
#.###.##..#####.##### #
##....##........#


You could see Crazy Yiuf.

Vanquished Creatures
  2 adders (D:2)
  3 worms (D:2)
  4 bats
  6 endoplasms
  4 goblins
  5 kobolds
  A quokka (D:1)
  3 ball pythons
  2 frilled lizards
  15 rats
45 creatures vanquished.

Notes
Turn   | Place    | Note
-------+----------+-------------------------------------------
     0 | D:1      | Nyth the Gargoyle Gladiator began the quest for the Orb.
     0 | D:1      | Reached XP level 1. HP: 12/12 MP: 1/1
   330 | D:1      | Reached XP level 2. HP: 17/17 MP: 2/2
   649 | D:1      | Found a faded altar of an unknown god.
   791 | D:1      | Prayed at the altar of an unknown god.
   791 | D:1      | Became a worshipper of Fedhas Madash
   791 | D:1      | Reached * piety under Fedhas
  1182 | D:1      | Reached XP level 3. HP: 22/22 MP: 3/3
  1730 | D:2      | Reached skill level 4 in Staves
  1734 | D:2      | Reached XP level 4. HP: 13/27 MP: 4/4
  1735 | D:2      | Reached skill level 1 in Armour
  2088 | D:2      | Found a radiant altar of Vehumet.
  2423 | D:2      | Found a runed translucent door.
  2424 | D:2      | Noticed Crazy Yiuf
  2433 | D:2      | Mangled by Crazy Yiuf

Illustrated notes

Levels and vault maps discovered:
D:1:      wander_arrival_peaceful_grave, layout_basic,
          ebering_ecumenical_altar_webs, minmay_rat_gold_closets
D:2:      layout_loops_corners, basic_altar, serial_shops,
          nicolae_lakefront_shop, chequers_big_river, uniq_crazy_yiuf_cottage

Skill      XL: |  1  2  3  4 |
---------------+-------------+-----
Throwing       | 2 |  2.0
Staves         | 4 |  4.2
Armour         | 1 |  1.0
Fighting       | |  2.4
Dodging        | |  2.6

Action                   |  1- 3 |  4- 6 || total
-------------------------+-------+-------++-------
Melee: Quarterstaff      |   107 |    22 ||   129
Throw: Throwing net      |     4 |       ||     4
Armor: Leather armour    |    21 |       ||    21
       Ring mail         |    39 |     6 ||    45
Dodge: Dodged            |    59 |    10 ||    69
